 Dungeon Crawl Stone Soup version 0.29-a0-243-g602b31c20e (webtiles) character file.

Game seed: 15392506038814738284

9576 YayAnonymity the Grappler (level 11, -6/172 HPs)
             Began as a Troll Berserker on Mar 5, 2022.
             Was an Elder of Trog.
             Mangled by a two-headed ogre
             ... wielding a +0 giant club
              (15 damage)
             ... on level 11 of the Dungeon.
             The game lasted 00:17:15 (8379 turns).

YayAnonymity the Grappler (Troll Berserker)         Turns: 8379, Time: 00:17:15

Health: -6/172     AC:  9    Str: 27    XL:     11   Next: 24%
Magic:  19/19      EV: 14    Int:  5    God:    Trog [****..]
Gold:   685        SH:  0    Dex: 11    Spells: 10/10 levels left

rFire   . . .      SeeInvis .     - Unarmed
rCold   . . .      Faith    .   (no shield)
rNeg    . . .      Spirit   .   F - +0 swamp dragon scales
rPois   +          Reflect  .   (helmet restricted)
rElec   .          Harm     .   (no cloak)
rCorr   .          Rampage  .   (gloves unavailable)
Will    +....                   (boots unavailable)
Stlth   ..........              E - amulet of regeneration
HPRegen 1.98/turn               p - ring of willpower
MPRegen 0.16/turn               w - ring "Dayrih" {MP+9 EV+4 Stlth+}

@: berserking, studying Short Blades, very quick
A: large, unfitting armour, claws 3, regeneration 1, shaggy fur 1, tough skin 1
a: Renounce Religion, Berserk, Trog's Hand, Brothers in Arms


You were on level 11 of the Dungeon.
You worshipped Trog.
Trog was greatly pleased with you.
You visited 2 branches of the dungeon, and saw 12 of its levels.
You also visited: Ossuary.

You collected 765 gold pieces.
You spent 80 gold pieces at shops.

Inventory:

Hand Weapons
 r - a +0 whip of flaming
 y - a +0 giant spiked club
Missiles
 k - 3 large rocks
 s - a throwing net
 u - 13 poisoned darts (quivered)
Armour
 F - +0 swamp dragon scales (worn)
Jewellery
 p - a ring of willpower (left claw)
 w - the ring "Dayrih" (right claw) {MP+9 EV+4 Stlth+}
   (You found it on level 6 of the Dungeon)

   [ring of evasion]

   EV:        It affects your evasion (+4).
   MP:        It affects your magic capacity (+9).
   Stlth:     It makes you more stealthy.
 E - an amulet of regeneration (around neck)
 I - a ring of resist corrosion
Wands
 f - a wand of acid (9)
 j - a wand of mindburst (11)
 t - a wand of charming (16)
 D - a wand of digging (12)
 H - a wand of iceblast (3)
Scrolls
 e - 4 scrolls of teleportation
 h - a scroll of fog
 n - 2 scrolls of blinking
 o - a scroll of enchant weapon
Potions
 a - 2 potions of might
 b - 3 potions of curing
 c - 4 potions of degeneration
 d - a potion of resistance
 i - 4 potions of heal wounds
 l - 2 potions of mutation {unknown}
 m - 3 potions of ambrosia
 q - a potion of flight {unknown}
 v - 3 potions of brilliance {unknown}
 x - a potion of lignification {unknown}
 z - 2 potions of cancellation {unknown}
 A - a potion of haste {unknown}
 B - a potion of magic {unknown}
 C - 4 potions of berserk rage
 G - 2 potions of attraction {unknown}


   Skills:
 + Level 9.2 Fighting
 + Level 3.9 Throwing
 + Level 4.5 Dodging
 * Level 13.1 Unarmed Combat


You had 10 spell levels left.
You didn't know any spells.
Your spell library was empty.

Dungeon Overview and Level Annotations

Branches:
Dungeon (11/15)            Temple (1/1) D:6            Lair (0/6) D:9
Ossuary (visited)
    Orc: D:9-12

Altars:
Ashenzari
Cheibriados
Dithmenos
Elyvilon
Fedhas
Gozag
Hepliaklqana
Kikubaaqudgha
Makhleb
Nemelex Xobeh
Okawaru
Qazlal
Ru
Sif Muna
Trog
Uskayaw
Vehumet
Wu Jian
Xom
Yredelemnul
Zin
The Shining One

Shops:
D:3 *   D:5 *   D:6 *   D:8 [   D:9 [

Annotations:
D:6 2 transporters, 2 runed translucent doors, sammy202020's ghost, novice DsBe
D:10 Lodul


Innate Abilities, Weirdness & Mutations

You are too large for most types of armour.
You have claws for hands.
Your natural rate of healing is unusually fast.
You are covered in fur. (AC +1)
You have tough skin. (AC +1)


Message History

Deactivating autopickup; reactivate with Ctrl-A.
The two-headed ogre hits you with a +0 giant club!!
The two-headed ogre hits you with a +0 giant spiked club!
There is a stone staircase leading down, spattered with blood here.
Something barely misses you. Something hits you!
The two-headed ogre hits you with a +0 giant club!!
The two-headed ogre barely misses you.
You climb downwards.
Reactivating autopickup.
You recover from your berserk rage.
There is a stone staircase leading up here.
A red film seems to cover your vision as you go berserk!
You feel yourself moving faster!
You feel mighty! Something hits you but does no damage.
Deactivating autopickup; reactivate with Ctrl-A.
The two-headed ogre hits you but does no damage.
The two-headed ogre closely misses you. The two-headed ogre misses you.
The two-headed ogre hits you with a +0 giant spiked club!
You barely miss the two-headed ogre. Something completely misses you.
You mangle the two-headed ogre!!
The two-headed ogre is heavily wounded.
The two-headed ogre hits you with a +0 giant club!!
* * * LOW HITPOINT WARNING * * *
The two-headed ogre closely misses you.
Okay, then.
You mangle the two-headed ogre!!
The two-headed ogre is severely wounded.
Something hits you but does no damage. The two-headed ogre closely misses you.
The two-headed ogre hits you with a +0 giant spiked club!!
* * * LOW HITPOINT WARNING * * *
You claw the two-headed ogre!
The two-headed ogre is almost dead.
Something hits you.
* * * LOW HITPOINT WARNING * * *
You mangle the two-headed ogre!!
You kill the two-headed ogre!
Trog accepts your kill. Something hits you but does no damage.
The two-headed ogre hits you with a +0 giant club!
You die...

#..# #.. #..#
#..# #..# .
#...# ##..## .#
.....##....##..#
...............#
......!.........
......).........
.......@......[.
......O..#######
....!..###
.##...# ....#
..... .... ....


You could see a two-headed ogre.

Vanquished Creatures
  Erica (D:8)
  2 two-headed ogres
  A death knight (D:6)
  Pikel (D:5)
  A cyclops (D:7)
  Joseph (D:7)
  Maggie (D:7)
  An unseen horror (D:11)
  A troll (D:6)
  A hornet (D:9)
  Prince Ribbit (D:7)
  A shadow (D:11)
  2 wyverns
  A wraith (D:6)
  Eustachio (D:5)
  3 steam dragons
  The ghost of AlmostDecent the Shooter, an amateur DsHu (D:5)
  Menkaure (D:5)
  2 vampire mosquitoes (D:9)
  3 water moccasins
  4 ice beasts
  4 ogres
  3 orc warriors
  4 black bears
  2 sky beasts (D:8)
  2 centaurs
  A lemure (D:5)
  A phantom (D:5)
  6 bullfrogs
  A kobold brigand (D:9)
  A necrophage (D:6)
  2 scorpions (D:6)
  A killer bee (D:7)
  2 howler monkeys (D:9)
  2 hounds
  2 jellies
  4 gnoll shamans
  3 orc priests
  Jessica (D:3)
  Terence (D:3)
  8 orc wizards
  4 iguanas
  8 mummies (Ossuary)
  9 gnolls
  12 adders
  A white imp (D:7)
  4 worms
  2 dart slugs
  20 orcs
  9 ball pythons
  12 endoplasms
  4 giant cockroaches
  4 gnoll zombies (Ossuary)
  4 goblins
  11 hobgoblins
  4 jackals
  3 quokkas
  7 bats
  3 frilled lizards
  2 hobgoblin zombies (Ossuary)
  11 kobolds
  A kobold zombie (Ossuary)
  An orc zombie (Ossuary)
  9 rats
227 creatures vanquished.

Notes
Turn   | Place    | Note
-------+----------+-------------------------------------------
     0 | D:1      | YayAnonymity the Troll Berserker began the quest for the
                  | Orb.
     0 | D:1      | Reached XP level 1. HP: 22/22 MP: 0/0
   151 | D:1      | Reached XP level 2. HP: 29/29 MP: 1/1
   379 | D:1      | Reached skill level 4 in Unarmed Combat
   785 | D:1      | Reached XP level 3. HP: 36/36 MP: 2/2
   874 | D:2      | Found a faded altar of an unknown god.
   878 | D:2      | Reached ** piety under Trog
  1329 | D:2      | Reached XP level 4. HP: 44/44 MP: 3/3
  1357 | D:2      | Reached skill level 5 in Unarmed Combat
  1608 | D:3      | Noticed Terence
  1616 | D:3      | Killed Terence
  1848 | D:3      | Reached XP level 5. HP: 42/50 MP: 4/4
  1894 | D:3      | Noticed Jessica
  1895 | D:3      | Found Lulytsups's Assorted Antiques.
  1902 | D:3      | Killed Jessica
  1903 | D:3      | Reached skill level 6 in Unarmed Combat
  1916 | D:3      | Reached *** piety under Trog
  2166 | D:3      | Found a broken altar of Ashenzari.
  2657 | D:4      | Found a stormy altar of Qazlal.
  3175 | D:5      | Entered Level 5 of the Dungeon
  3199 | D:5      | Noticed Menkaure
  3210 | D:5      | Killed Menkaure
  3211 | D:5      | Reached skill level 7 in Unarmed Combat
  3211 | D:5      | Reached XP level 6. HP: 61/61 MP: 5/5
  3342 | D:5      | Found a runed translucent door.
  3350 | D:5      | Noticed AlmostDecent's ghost (amateur DsHu)
  3665 | D:5      | Reached XP level 7. HP: 8/67 MP: 6/6
  3803 | D:5      | Noticed Eustachio
  3826 | D:5      | Killed Eustachio
  3860 | D:5      | Noticed Pikel
  3870 | D:5      | Killed Pikel
  3871 | D:5      | Reached skill level 5 in Fighting
  3871 | D:5      | Reached skill level 8 in Unarmed Combat
  3871 | D:5      | Reached XP level 8. HP: 53/80 MP: 7/7
  4020 | D:5      | Found Iloehos's Assorted Antiques.
  4127 | D:5      | Found a blossoming altar of Fedhas.
  4213 | D:5      | Reached skill level 9 in Unarmed Combat
  4369 | D:6      | Found a staircase to the Ecumenical Temple.
  4463 | D:6      | Found a transporter.
  4521 | D:6      | Found a sand-covered staircase.
  4577 | Ossuary  | Entered an ossuary
  4686 | Ossuary  | Reached XP level 9. HP: 80/92 MP: 8/8
  4845 | D:6      | Found a large runed translucent door.
  4864 | D:6      | Found a transporter.
  4864 | D:6      | Noticed sammy202020's ghost (novice DsBe)
  4908 | D:6      | Found Pukoh's General Store.
  5090 | D:6      | Reached skill level 10 in Unarmed Combat
  5111 | D:6      | Found a large runed translucent door.
  5111 | D:6      | Found a large runed translucent door.
  5115 | D:6      | Noticed a troll
  5181 | D:6      | Identified the ring "Dayrih" {MP+9 EV+4 Stlth+}
  5218 | Temple   | Entered the Ecumenical Temple
  5344 | D:6      | Found a large runed translucent door.
  5444 | D:6      | Reached **** piety under Trog
  5589 | D:6      | Noticed a death knight
  5603 | D:6      | HP: 2/139 [death knight/+4 great sword (30)]
  5606 | D:6      | Killed a death knight
  5607 | D:6      | Reached skill level 11 in Unarmed Combat
  5661 | D:6      | Identified the +6 ring mail "Elucesch" {rC+ Dex+4}
  5772 | D:6      | Found a snail-covered altar of Cheibriados.
  5867 | D:5      | Killed AlmostDecent's ghost
  5956 | D:7      | Reached XP level 10. HP: 104/104 MP: 9/9
  6074 | D:7      | Noticed a cyclops
  6080 | D:7      | Killed a cyclops
  6081 | D:7      | Reached skill level 1 in Throwing
  6152 | D:7      | Noticed Prince Ribbit
  6163 | D:7      | Killed Prince Ribbit
  6204 | D:7      | Noticed Joseph
  6223 | D:7      | Killed Joseph
  6224 | D:7      | Reached skill level 12 in Unarmed Combat
  6274 | D:7      | Found a sparkling altar of Nemelex Xobeh.
  6627 | D:7      | Noticed Maggie
  6631 | D:7      | Killed Maggie
  6767 | D:3      | Bought a scroll of identify for 34 gold pieces
  6860 | D:5      | Bought a scroll of identify for 46 gold pieces
  6929 | D:6      | Identified the +3 great sword of Wrongful Imprisonment
                  | {vorpal, Stlth+}
  7012 | D:8      | Noticed Erica
  7017 | D:8      | Killed Erica
  7032 | D:8      | Found an ornate altar of the Wu Jian Council.
  7097 | D:8      | Found Ciuceck's Antique Armour Emporium.
  7144 | D:8      | Identified the +0 cloak of the Jabberwock {*Corrode Dex+2
                  | Stlth+}
  7380 | D:8      | Found a burning altar of Makhleb.
  7380 | D:8      | Found a shimmering blue altar of Sif Muna.
  7380 | D:8      | Found an iron altar of Okawaru.
  7546 | D:9      | Reached XP level 11. HP: 115/115 MP: 10/10
  7563 | D:9      | Found a radiant altar of Vehumet.
  7632 | D:9      | Found a basalt altar of Yredelemnul.
  7635 | D:9      | Found an ancient bone altar of Kikubaaqudgha.
  7635 | D:9      | Found an ornate altar of the Wu Jian Council.
  7635 | D:9      | Noticed a two-headed ogre
  7646 | D:9      | Killed a two-headed ogre
  7647 | D:9      | Found a white marble altar of Elyvilon.
  7647 | D:9      | Found a shimmering altar of Xom.
  7647 | D:9      | Found a burning altar of Makhleb.
  7711 | D:9      | Found Iduniwev's Antique Armour Emporium.
  7818 | D:9      | Found a staircase to the Lair.
  7858 | D:9      | Found an opulent altar of Gozag.
  8205 | D:10     | Entered Level 10 of the Dungeon
  8205 | D:10     | Noticed a two-headed ogre
  8205 | D:10     | Noticed a two-headed ogre
  8205 | D:10     | Noticed a two-headed ogre
  8207 | D:10     | Noticed a two-headed ogre
  8208 | D:10     | Noticed Lodul
  8210 | D:10     | Noticed a two-headed ogre
  8217 | D:9      | Reached skill level 13 in Unarmed Combat
  8325 | D:10     | Noticed a two-headed ogre
  8378 | D:11     | HP: 8/172 [something (4)]
  8379 | D:11     | Killed a two-headed ogre
  8379 | D:11     | Mangled by a two-headed ogre

Illustrated notes

Levels and vault maps discovered:
D:1:      dpeg_arrival_simpleton_a, layout_basic, minmay_pentomino_s4
D:2:      layout_basic, chequers_ecumenical_altar_island,
          chequers_hall_statues_wall_a, minmay_increasing_density
D:3:      layout_basic, nicolae_overflow_crystal_walls, serial_shops, shop,
          uniq_jessica, uniq_terence
D:4:      cheibrodos_helix_gallery, layout_basic, old_standard_altar,
          dreamdust_mushroom_princess
D:5:      layout_basic, marbit_many_paths, serial_shops, shop,
          ebering_ghost_sewer_d, kennysheep_generic_room_4, uniq_eustachio,
          uniq_pikel, uniq_menkaure
D:6:      layout_basic, cheibriados_altar_1,
          minmay_temple_entry_statues_fountains, serial_shops,
          nicolae_shop_hallway_stairs, nicolae_ossuary_entry_ruins,
          gammafunk_ghost_arena, hangedman_decor_growths,
          minmay_hollow_rounded_squares
D:7:      layout_basic, nemelex_dance_club_becter, minmay_manual_macuahuitl,
          uniq_maggie, uniq_joseph, uniq_prince_ribbit1
D:8:      layout_cave_pools, mainiacjoe_overflow_paths,
          gammafunk_temple_overflow_claw, serial_shops,
          nicolae_shop_overgrown_old_shop, uniq_erica
D:9:      layout_roguey, vehumet_crystals, doesnt_xom_only_xom,
          nicolae_gozag_seed_capital, dpeg_oklobed_lair, serial_shops,
          nicolae_shop_trees, minmay_tree_intersection
D:10:     layout_gridville, hangedman_abyss_or_decor_lesser_grid, uniq_erolcha,
          uniq_lodul
D:11:     erik_cavepeople, layout_layer_cave, zombieorc2_lemuel, uniq_grum
Temple:   cyrus_temple_forest

Skill      XL: |  1  2  3  4  5  6  7  8  9 10 11 |
---------------+----------------------------------+-----
Unarmed Combat | 4 5 7 8 9 11 12 13 | 13.1
Fighting       | 3 5 6 8 9 |  9.2
Throwing       | 3 |  3.9
Dodging        | 4 |  4.5

Action                   |  1- 3 |  4- 6 |  7- 9 | 10-12 || total
-------------------------+-------+-------+-------+-------++-------
Melee: Unarmed           |    91 |   155 |   186 |   199 ||   631
       Punch             |     1 |     5 |    10 |     7 ||    23
       Whip              |       |       |    20 |       ||    20
Invok: Berserk           |       |     3 |     5 |    11 ||    19
  Use: Scroll            |       |     8 |     4 |     5 ||    17
       Potion            |       |       |     1 |       ||     1
 Stab: Sleeping          |     1 |       |     2 |     4 ||     7
Armor: Animal skin       |    29 |    25 |    34 |       ||    88
       Swamp dragon scal |       |       |       |    49 ||    49
       Steam dragon scal |       |       |       |    19 ||    19
Dodge: Dodged            |    36 |    64 |    84 |    99 ||   283
Block: Other             |     4 |    26 |    42 |     2 ||    74
       Reflection        |       |     2 |     2 |       ||     4

Table legend: (Time is in decaauts)
 A = Elapsed time spent in this place.
 B = Non-inter-level travel time spent in this place.
 C = Inter-level travel time spent in this place.
 D = Time resting spent in this place.
 E = Time spent auto-exploring this place.
 F = Levels seen in this place.
 G = Mean time per level.
                   A        B        C        D        E       F      G
               +--------+--------+--------+--------+--------+-----+--------+
         Total |   8430 |   7651 |    779 |    146 |   5858 |  13 |  648.5 |
       Dungeon |   8080 |   7340 |    740 |    146 |   5655 |  11 |  734.5 |
        Temple |    113 |     74 |     39 |      0 |     64 |   1 |  113.0 |
       Ossuary |    236 |    236 |      0 |      0 |    139 |   1 |  236.0 |
               +--------+--------+--------+--------+--------+-----+--------+

Top non-repeatable levels by time:
     D:5: 1405 daAuts
     D:6: 1280 daAuts
     D:3: 909 daAuts
     D:1: 868 daAuts
     D:4: 819 daAuts
     D:7: 768 daAuts
     D:9: 719 daAuts
     D:2: 638 daAuts
     D:8: 510 daAuts
 Ossuary: 236 daAuts
    D:10: 114 daAuts
  Temple: 113 daAuts
    D:11: 46 daAuts
